 Dungeon Crawl Stone Soup version 0.29-a0-887-gcbe080d7e0 (webtiles) character file.

Game seed: 9316601381648260171

1904717 greasedhog the Slayer (level 27, 74/196 HPs)
             Began as a Gargoyle Berserker on July 20, 2022.
             Was an Elder of Trog.
             Escaped with the Orb
             ... and 3 runes on July 21, 2022!
             The game lasted 03:14:45 (53780 turns).

greasedhog the Slayer (Gargoyle Berserker)         Turns: 53780, Time: 03:14:46

Health: 74/196     AC: 68    Str: 26      XL:     27
Magic:  23/23      EV: 16    Int: 10      God:    Trog [****..]
Gold:   1530       SH: 28    Dex: 20 (21) Spells: 26/26 levels left

rFire   + + +      SeeInvis +   a - +9 morningstar (vorpal)
rCold   + . .      Faith    .   X - +4 tower shield of the Conjuring Gods {Fly rF+ Will-}
rNeg    + . .      Spirit   .   G - +9 crystal plate armour of the Shrinking Gods {rElec}
rPois   ∞          Reflect  .   (helmet restricted)
rElec   +          Harm     .   S - +2 cloak {rCorr}
rCorr   +          Rampage  .   q - +2 pair of gloves
Will    +....      Rage     3%  T - +0 pair of boots of Insurance {rF++ Regen+ Slay+5}
Stlth   ..........              Y - amulet of regeneration
HPRegen 0.00/turn               n - ring of Lekaluo {rCorr Str+3 SInv}
MPRegen 0.18/turn               w - ring of the Briny Deep {rPois Int+2 Slay+4}

@: flying, inhibited regen, unable to read, unable to drink
A: sickness immunity, AC +20, big wings, negative energy resistance 1,
electricity resistance, torment resistance 1, petrification resistance, antennae
1, fangs 1, iridescent scales 1, agile 2, berserk 1, cold resistance 1,
deterioration 1, dopey 1, screaming 1, inhibited regeneration, weak 1, subdued
magic 1, inability to drink while threatened 1, inability to read while
threatened 2, MP-powered wands
0: Orb of Zot
}: 3/15 runes: decaying, silver, gossamer
a: Renounce Religion, Berserk, Trog's Hand, Brothers in Arms


You escaped.
You worshipped Trog.
Trog was greatly pleased with you.
You visited 10 branches of the dungeon, and saw 47 of its levels.
You visited the Abyss 2 times.
You visited 1 bazaar.
You also visited: Sewer and Ice Cave.

You collected 6106 gold pieces.
You spent 4576 gold pieces at shops.

Inventory:

Hand Weapons
 a - a +9 vorpal morningstar (weapon)
 b - a +3 antimagic eveningstar
 c - the +7 sling of Amorous Responsibility {venom, rF- rC+++ Will+++ Int-3}
   (You bought it in a shop on level 2 of the Dungeon)

   Any ammunition fired from it poisons the flesh of those it strikes.
   Int:       It affects your intelligence (-3).
   rF:        It makes you vulnerable to fire.
   rC:        It renders you almost immune to cold.
   Will:      It greatly increases your willpower.
Missiles
 j - 4 throwing nets (quivered)
 F - 8 curare-tipped darts
Armour
 q - a +2 pair of gloves (worn)
 G - the +9 crystal plate armour of the Shrinking Gods (worn) {rElec}
   (You bought it in a shop in a bazaar)

   rElec:     It insulates you from electricity.
 S - a +2 cloak of preservation (worn)
 T - the +0 pair of boots of Insurance (worn) {rF++ Regen+ Slay+5}
   (You found it on level 11 of the Dungeon)

   Slay:      It affects your accuracy & damage with ranged weapons and melee
   (+5).
   rF:        It greatly protects you from fire.
   Regen:     It increases your rate of health regeneration.
 X - the +4 tower shield of the Conjuring Gods (worn) {Fly rF+ Will-}
   (You took it off Louise on level 3 of the Spider Nest)

   rF:        It protects you from fire.
   Fly:       It grants you flight.
   Will:      It decreases your willpower.
Jewellery
 n - the ring of Lekaluo (left hand) {rCorr Str+3 SInv}
   (You acquired it on level 3 of the Depths)

   [ring of see invisible]

   Str:       It affects your strength (+3).
   SInv:      It lets you see invisible.
   rCorr:     It protects you from acid and corrosion.
 w - the ring of the Briny Deep (right hand) {rPois Int+2 Slay+4}
   (You acquired it on level 5 of the Vaults)

   [ring of slaying]

   Int:       It affects your intelligence (+2).
   Slay:      It affects your accuracy & damage with ranged weapons and melee
   (+4).
   rPois:     It protects you from poison.
 D - a ring of resist corrosion
 J - a ring of protection from cold
 K - a ring of protection from fire
 Y - an amulet of regeneration (around neck)
Wands
 E - a wand of digging (3)
 I - a wand of flame (31)
 L - a wand of charming (56)
 O - a wand of quicksilver (33)
 P - a wand of polymorph (17)
 V - a wand of mindburst (9)
 Z - a wand of iceblast (38)
Scrolls
 e - 26 scrolls of teleportation
 f - 5 scrolls of poison
 l - 3 scrolls of enchant weapon
 o - 8 scrolls of magic mapping
 p - 3 scrolls of enchant armour
 r - 3 scrolls of silence
 u - 4 scrolls of brand weapon
 y - 8 scrolls of fear
 M - 2 scrolls of butterflies
Potions
 d - 9 potions of heal wounds
 h - 2 potions of invisibility
 i - 7 potions of lignification
 k - 10 potions of haste
 t - 4 potions of might
 v - 2 potions of resistance
 z - 7 potions of ambrosia
 A - 21 potions of curing
 C - 5 potions of magic
 H - 4 potions of berserk rage
 R - 9 potions of cancellation
Miscellaneous
 s - a condenser vane (inert)
 x - a lightning rod (4/4)


   Skills:
 * Level 26.5 Fighting
 - Level 16.0 Maces & Flails
 - Level 14.1 Ranged Weapons
 - Level 20.0 Armour
 - Level 20.0 Dodging
 * Level 21.6 Shields
 - Level 10.0 Evocations


You had 26 spell levels left.
You didn't know any spells.
Your spell library was empty.

Dungeon Overview and Level Annotations

Branches:
Dungeon (15/15)            Temple (1/1) D:6            Lair (5/5) D:8
  Swamp (4/4) Lair:3       Spider (4/4) Lair:2        Slime (0/5) Lair:5
    Orc (2/2) D:11            Elf (2/3) Orc:2        Vaults (5/5) D:14
  Crypt (0/3) Vaults:2     Depths (4/4) D:15            Zot (5/5) Depths:4
  Sewer (visited)           IceCv (visited)

Altars:
Ashenzari
Cheibriados
Dithmenos
Elyvilon
Fedhas
Gozag
Hepliaklqana
Kikubaaqudgha
Makhleb
Nemelex Xobeh
Okawaru
Qazlal
Ru
Sif Muna
Trog
Uskayaw
Vehumet
Wu Jian
Xom
Yredelemnul
Zin
The Shining One
Jiyva

Shops:
D:2 ((!   D:11 *   Orc:1 *!   Orc:2 (!*=*   Elf:1 (   Elf:2 ?   Vaults:3 ?(
Vaults:4 =   Vaults:5 ?

Portals:
Hell: Depths:1 Depths:2 Depths:3 Depths:4
Abyss: D:14 Depths:2 Depths:3
Pandemonium: Depths:2
Ziggurat: Depths:2
Trove: D:13 (give 13 scrolls of teleportation)

Annotations:
D:10 1 runed translucent door, MisterPants's ghost, novice OgNe
D:14 1 transporter, Bl4cKSa5uke's ghost, journeyman OpFi
Zot:1 2 transporters, exclusion: orange crystal statue, Gofuck's ghost, veteran DgAE; Nempuhu's ghost, veteran MiDe


Innate Abilities, Weirdness & Mutations

You are immune to sickness and miasma.
Your stone body is resilient. (AC +20)
You are immune to poison.
Your large and strong wings let you fly.
You resist negative energy. (rN+)
You are resistant to electric shocks. (rElec)
You are resistant to unholy torment.
You are immune to petrification.
You have a pair of small antennae on your head.
You have very sharp teeth.
You are partially covered in iridescent scales. (AC +2)
You are very agile. (Dex +8, Str/Int -2)
You sometimes lose your temper in combat.
Your flesh is cold resistant. (rC+)
Your body sometimes deteriorates upon taking damage.
You are dopey. (Int -2)
You occasionally shout uncontrollably at your foes.
You do not regenerate when monsters are visible.
You are weak. (Str -2)
Your spells are a little easier to cast, but a little less powerful.
You occasionally lose the ability to drink potions when taking damage.
You sometimes lose the ability to read scrolls when taking damage.
You expend magic power (3 MP) to strengthen your wands.


Message History

The plant writhes in agony.
The tormentor hits the plant! x2; The plant writhes in agony.
A nearby plant withers and dies. x3
The tormentor calls on the powers of darkness!
Your body is wracked with pain!
You feel threatened and lose the ability to read scrolls!
A nearby plant withers and dies.
The tormentor calls on the powers of darkness!
Your body is wracked with pain!
You feel threatened and lose the ability to drink potions!
A nearby plant withers and dies.
The tormentor hits the plant.
The plant begins to die.
The plant writhes in agony.
The tormentor hits the plant.
The plant writhes in agony.
The tormentor hits the plant.
The plant begins to die.
The plant writhes in agony.
The tormentor hits the plant.
The plant writhes in agony.
The tormentor hits the plant. x2; The plant writhes in agony.
A nearby plant withers and dies.
The tormentor hits the plant!
The plant begins to die.
The plant writhes in agony.
The tormentor hits the plant.
The plant writhes in agony.
A nearby plant withers and dies.
The tormentor hits the plant.
The plant writhes in agony.
The tormentor hits the plant.
The plant writhes in agony!
You impale the plant!!
The plant begins to die.
The plant is lightly damaged.
The tormentor hits the plant. x2
The tormentor calls on the powers of darkness!
Your body is wracked with pain!
A nearby plant withers and dies.
The tormentor hits the plant.
The plant begins to die.
The plant writhes in agony.
The tormentor hits the plant.
The plant writhes in agony.
A nearby plant withers and dies.
There is a staircase leading out of the dungeon here.
The tormentor hits the plant.
The plant begins to die.
The plant writhes in agony!
The tormentor hits the plant.
The plant writhes in agony.
The tormentor hits the plant!
The plant writhes in agony.
The tormentor hits the plant.
The plant writhes in agony.
You have escaped! .##....#PP.PP.PP..P.PP.PP#.##.... .###.#.#PP.P..P.P....P.PP#......# .###.#.#PP.P.P.PPP.P.P.PP######## .#.....#PP.P.PP.P....P.PP# # .#######PP.PP.PP.PP..P.PP# # .......#PPP.PP.PPP.PP.PPP# # ######.#PPP.PPP.2.PPP.PPP# # ####.#PPPP..PPPPP..PPPP# #...|.PPPPPP..@...PPPPP# #.....PPPPPPPPPPPPPPPPP#

## # #...........###.......## #.
# #......####.###.##....########.
###.............#.##.#.........#.
.............####.####.........#.
####..[......####.##...........#.
# #...........##.##.#.........#.
# #..............##.#.........#.


You could see a tormentor.

Vanquished Creatures
  An ancient lich (Zot:5)
  5 orbs of fire (Zot:5)
  Vv (Zot:1)
  the Lernaean hydra (Swamp:4)
  Boris (Depths:3)
  Margery (Vaults:4)
  A Killer Klown (Zot:5)
  2 curse toes
  12 golden dragons
  A profane servitor (Abyss:4)
  Arachne (Spider:3)
  2 bone dragons
  3 electric golems
  2 liches
  24 tentacled monstrosities
  A deep elf blademaster (Elf:2)
  Zenata (Vaults:4)
  Jorgrun (Elf:1)
  A walking earthen tome (Depths:3)
  7 quicksilver dragons
  16 Orb Guardians (Zot:5)
  A walking divine tome (Depths:3)
  A walking frostbound tome (Depths:3)
  6 titans
  9 death cobs
  An Executioner (D:8)
  3 tentacled starspawn
  5 tengu reavers
  6 sphinxes
  19 storm dragons
  10 shadow dragons
  3 draconian monks
  The ghost of Foxy the Warrior, a journeyman MyBe of Trog (Orc:2)
  11 fire giants
  5 emperor scorpions
  A fenstrider witch (Swamp:2)
  15 vault wardens
  2 iron dragons
  7 draconian knights
  6 draconian scorchers
  12 frost giants
  Aizul (Vaults:4)
  3 deep elf sorcerers
  A balrug (Depths:1)
  Louise (Spider:3)
  11 ghost moths
  A deep elf elementalist (Abyss:4)
  2 draconian stormcallers
  2 ghouls (Swamp:4)
  An angel (Depths:4)
  5 broodmothers
  4 draconian shifters
  12 stone giants
  3 draconian annihilators
  21 ironbound preservers
  2 war gargoyles
  3 ironbound thunderhulks
  The ghost of alksdfjalsdfasdf the Reanimator, a journeyman DgNe (Lair:5)
  28 very ugly things
  3 deep elf demonologists
  An ophan (Abyss:4)
  5 vampire knights
  The ghost of Ablaaz the Impaler, a journeyman MfGl of Yredelemnul (Lair:4)
  7 green draconians
  10 white draconians
  An entropy weaver (shapeshifter) (Vaults:5)
  6 entropy weavers
  10 black draconians
  A deep elf annihilator (Vaults:5)
  7 eleionomae
  A lorocyproca (Depths:2)
  5 spark wasps
  12 red draconians
  11 purple draconians
  7 yellow draconians
  8 bunyips
  A deep elf death mage (Vaults:5)
  Josephine (Lair:4)
  Snorg (Orc:1)
  8 ettins
  3 great orbs of eyes
  2 blizzard demons (Abyss:4)
  Fannar (Orc:2)
  4 fire dragons
  15 yaktaur captains
  4 deep elf high priests
  2 shambling mangroves (Swamp:2)
  45 vault guards
  3 rakshasas
  3 boulder beetles
  9 ice dragons
  2 peacekeepers (Vaults:2)
  A boulder beetle (shapeshifter) (Vaults:5)
  25 hydras
  18 centaur warriors
  The ghost of jejorda2 the Carver, a journeyman MfBe of Trog (D:9)
  2 catoblepae (D:13)
  A jorogumo (Spider:4)
  3 ghost crabs
  A hell beast (Depths:1)
  5 spriggan air magi
  A death knight (D:13)
  5 two-headed ogres
  13 ironbound frosthearts
  30 dancing weapons
  An alligator (shapeshifter) (Vaults:5)
  10 alligators
  An ogre mage (Vaults:5)
  5 deep troll shamans
  7 death yaks
  A hell hog (Depths:1)
  4 tengu warriors
  7 orc high priests
  2 vampire magi
  4 deep troll earth magi
  3 spriggan berserkers
  5 wretched stars (Abyss:4)
  11 deep elf knights
  3 thrashing horrors (Abyss:4)
  9 hell knights
  2 iron trolls
  3 pharaoh ants
  A sixfirhy (Depths:2)
  3 sun moths
  7 goliath frogs
  2 soul eaters (Depths:1)
  4 glowing orange brains
  7 spriggan druids
  57 deep trolls
  2 shadow demons (Abyss:3)
  3 bog bodies
  3 steelbarb worms
  8 orb spiders
  An orb spider (shapeshifter) (Vaults:5)
  5 phantasmal warriors (Vaults:5)
  17 swamp dragons
  12 deep elf archers
  5 lindwurms
  An obsidian statue (D:15)
  20 deep elf zephyrmancers
  5 wizards
  A spriggan simulacrum (Abyss:4)
  An orange crystal statue (IceCv)
  2 necromancers
  2 flayed ghosts (Depths:3)
  23 ironbound convokers
  5 orc knights
  20 deep elf pyromancers
  5 harpies
  38 ugly things
  2 orc sorcerers
  23 wolf spiders
  A manticore (shapeshifter) (Depths:4)
  5 will-o-the-wisps
  3 manticores
  6 cyclopes
  21 moths of wrath
  6 large abominations
  A frost giant skeleton (Vaults:3)
  2 guardian serpents (shapeshifter)
  4 elephants
  An apocalypse crab (Abyss:4)
  3 black mambas
  An eye of devastation (Spider:4)
  2 naga magi (D:15)
  A guardian serpent (Abyss:3)
  16 vault sentinels
  2 smoke demons (Abyss:4)
  8 cane toads
  5 torpor snails
  A rime drake (shapeshifter) (Vaults:5)
  3 freezing wraiths
  A yaktaur (shapeshifter) (Depths:2)
  12 komodo dragons
  An unseen horror (Abyss:4)
  31 yaktaurs
  4 ice devils
  An efreet (Abyss:4)
  2 hellwings (Depths:2)
  A kobold demonologist (Abyss:3)
  3 tengu conjurers
  18 rime drakes
  A tormentor (Abyss:3)
  A redback zombie (D:15)
  A hydra zombie (Swamp:2)
  3 ancient zymes
  5 demonic crawlers
  A bloated husk (Swamp:1)
  12 polar bears
  3 meliai (Spider:1)
  8 trolls
  A wolf spider simulacrum (D:15)
  A raiju (Abyss:4)
  17 tyrant leeches
  19 hornets
  38 tarantellas
  A raiju (shapeshifter) (Vaults:5)
  A meliai zombie (D:15)
  A slime creature (shapeshifter) (Depths:3)
  7 dream sheep
  31 slime creatures
  12 blink frogs
  18 jumping spiders
  4 air elementals
  Sigmund (D:5)
  3 shadows
  2 vampires (D:11)
  3 wyverns
  A centaur simulacrum (D:15)
  2 ynoxinuls (Abyss:4)
  33 spriggans
  23 culicivoras
  4 water elementals
  44 yaks
  7 wraiths
  2 fire elementals
  3 humans (D:14)
  8 basilisks
  2 steam dragons (D:9)
  60 redbacks
  2 death yak simulacra (Lair:4)
  22 vampire mosquitoes
  6 chaos spawn
  Menkaure (D:5)
  2 neqoxecs
  17 swamp worms
  Edmund (D:4)
  8 wargs
  2 acid dragons
  15 water moccasins
  Duvessa (D:7)
  A floating eye (Depths:3)
  25 orc warriors
  12 swamp drakes
  Pargi (Sewer)
  3 ice beasts
  3 sky beasts (D:7)
  8 black bears
  A black mamba simulacrum (Lair:4)
  10 ogres
  40 wolves
  10 boggarts
  6 centaurs
  4 kobold brigands
  2 human zombies (Vaults:3)
  2 small abominations (Abyss:4)
  5 bullfrogs
  2 necrophages (Swamp:4)
  3 gnoll sergeants
  5 earth elementals
  A scorpion (D:6)
  A cane toad simulacrum (Lair:4)
  6 wights
  Dowan (D:7)
  4 killer bees
  A torpor snail simulacrum (Lair:4)
  An electric eel (Lair:3)
  12 howler monkeys
  2 jellies (D:7)
  53 orc priests
  4 hounds
  Crazy Yiuf (D:6)
  Terence (D:2)
  4 hell rats (Lair:2)
  An iguana (D:7)
  Natasha (thrice) (D:4)
  23 orc wizards
  A polar bear simulacrum (Lair:4)
  A boggart skeleton (D:15)
  14 gnolls
  14 adders
  2 river rats (Lair:2)
  A shadow imp (D:5)
  A white imp (D:7)
  An ufetubus (D:4)
  3 worms
  A dart slug (D:2)
  93 orcs
  4 bats
  6 endoplasms
  A giant cockroach (D:2)
  6 goblins
  7 hobgoblins
  3 jackals (D:2)
  29 kobolds
  3 quokkas
  4 ball pythons
  A frilled lizard (D:3)
  11 rats
  A butterfly (Lair:5)
  A starspawn tentacle (Abyss:4)
2078 creatures vanquished.

Vanquished Creatures (collateral kills)
  A juggernaut (Depths:3)
  A curse toe (Zot:5)
  A bone dragon (Vaults:4)
  An Orb Guardian (Zot:5)
  A death cob (Zot:5)
  A black draconian (Zot:1)
  A yellow draconian (Zot:1)
  A yaktaur captain (Vaults:4)
  A rakshasa (Depths:3)
  A hydra (Swamp:4)
  An ironbound frostheart (IceCv)
  5 hell knights (Vaults:4)
  A sixfirhy (Abyss:3)
  A steelbarb worm (Spider:1)
  A swamp dragon (Swamp:4)
  2 orb spiders (Spider:1)
  A phantasmal warrior (D:13)
  A necromancer (Vaults:4)
  A torpor snail (Spider:1)
  A demonic crawler (Spider:1)
  A tarantella (Spider:1)
  3 jumping spiders (Spider:1)
  A redback (Spider:1)
  A small abomination (Abyss:3)
31 creatures vanquished.

Vanquished Creatures (others)
  A death cob (Zot:4)
  2 draconian knights (Zot:2)
  A draconian scorcher (Zot:3)
  A draconian stormcaller (Zot:3)
  A white draconian (Zot:5)
  2 red draconians
  An ice dragon (IceCv)
  2 vault guards (D:14)
  A radroach (Spider:4)
  An orb spider (Spider:4)
  A swamp dragon (Swamp:4)
  A deep elf zephyrmancer (Elf:1)
  2 tengu conjurers
  A hornet (Swamp:2)
  2 bloated husks
  A culicivora (Spider:4)
  A human (D:14)
  A redback (Spider:4)
  A swamp worm (Swamp:1)
  A swamp drake (Swamp:2)
  4 boggarts
  A howler monkey (D:12)
  An ufetubus (Abyss:4)
  An orc (Orc:1)
  2 kobolds (D:9)
  2 foxfires (Swamp:2)
  66 fungi
  A lurking horror (D:14)
  64 plants
  12 starspawn tentacles
  2 withered plants (Orc:2)
181 creatures vanquished.

Grand Total: 2290 creatures vanquished

Notes
Turn   | Place    | Note
-------+----------+-------------------------------------------
     0 | D:1      | greasedhog the Gargoyle Berserker began the quest for the
                  | Orb.
     0 | D:1      | Reached XP level 1. HP: 14/14 MP: 1/1
   202 | D:1      | Reached XP level 2. HP: 19/19 MP: 2/2
  1189 | D:2      | Noticed Terence
  1203 | D:2      | Killed Terence
  1204 | D:2      | Reached skill level 4 in Fighting
  1204 | D:2      | Reached XP level 3. HP: 16/24 MP: 3/3
  1436 | D:2      | Found Moahijuq's Antique Weapon Shoppe.
  1499 | D:2      | Found Onask's Weapon Boutique.
  1512 | D:2      | Found Cyifa's Distillery.
  1526 | D:2      | Bought a potion of heal wounds for 70 gold pieces
  1768 | D:2      | Found Aphigoeg's General Store.
  1784 | D:2      | Reached XP level 4. HP: 30/30 MP: 4/4
  2145 | D:3      | Reached ** piety under Trog
  2244 | D:3      | Found a faded altar of an unknown god.
  2302 | D:3      | Found a glowing drain.
  2326 | D:3      | Reached XP level 5. HP: 34/34 MP: 5/5
  2330 | Sewer    | Entered a sewer
  2391 | Sewer    | Noticed Pargi
  2398 | Sewer    | Killed Pargi
  2399 | Sewer    | Reached skill level 5 in Fighting
  2399 | Sewer    | Reached skill level 5 in Maces & Flails
  2510 | D:3      | Reached XP level 6. HP: 40/40 MP: 6/6
  3265 | D:3      | Found a snail-covered altar of Cheibriados.
  3581 | D:4      | Reached skill level 6 in Fighting
  3669 | D:4      | Noticed Edmund
  3681 | D:4      | Killed Edmund
  3682 | D:4      | Reached XP level 7. HP: 46/46 MP: 7/7
  3865 | D:4      | Found a sacrificial altar of Ru.
  3919 | D:4      | Noticed Natasha
  3926 | D:4      | Killed Natasha
  4496 | D:4      | Noticed Natasha
  4500 | D:4      | Killed Natasha
  4516 | D:4      | Noticed Natasha
  4518 | D:4      | Killed Natasha
  4535 | D:5      | Entered Level 5 of the Dungeon
  4590 | D:5      | Noticed Sigmund
  4789 | D:5      | Reached XP level 8. HP: 49/51 MP: 8/8
  4798 | D:5      | Killed Sigmund
  4799 | D:5      | Reached skill level 5 in Armour
  5136 | D:5      | Found a sparkling altar of Nemelex Xobeh.
  5136 | D:5      | Found a glowing silver altar of Zin.
  5276 | D:5      | Noticed Menkaure
  5280 | D:5      | Killed Menkaure
  6006 | D:6      | Reached *** piety under Trog
  6086 | D:6      | Reached XP level 9. HP: 53/55 MP: 9/9
  6126 | D:6      | Found a hide-covered altar of Uskayaw.
  6348 | D:6      | Found a staircase to the Ecumenical Temple.
  6381 | Temple   | Entered the Ecumenical Temple
  6633 | D:6      | Found an ornate altar of the Wu Jian Council.
  6949 | D:6      | Found a runed translucent door.
  6950 | D:6      | Noticed Crazy Yiuf
  6956 | D:6      | Killed Crazy Yiuf
  7258 | D:7      | Reached skill level 5 in Dodging
  7260 | D:7      | Found the +18 shield of the Gong {rElec rN+ Will+ EV-5}
  7370 | D:7      | Noticed Duvessa
  7377 | D:7      | Killed Duvessa
  7474 | D:7      | Noticed Dowan
  7488 | D:7      | Killed Dowan
  7603 | D:7      | Noticed a manticore
  7612 | D:7      | Killed a manticore
  7613 | D:7      | Reached skill level 10 in Maces & Flails
  7613 | D:7      | Reached XP level 10. HP: 57/60 MP: 10/10
  7675 | D:7      | Reached skill level 1 in Shields
  7678 | D:7      | Reached **** piety under Trog
  7731 | D:7      | Noticed a two-headed ogre
  7739 | D:7      | Killed a two-headed ogre
  8109 | D:8      | Noticed a death yak
  8109 | D:8      | Noticed an elephant
  8109 | D:8      | Found a staircase to the Lair.
  8124 | D:8      | Killed a death yak
  8137 | D:8      | Reached skill level 5 in Shields
  8156 | D:8      | Killed an elephant
  8790 | D:8      | Reached XP level 11. HP: 64/64 MP: 11/11
  8812 | D:8      | Identified the +2 chain mail of Creativity {Drain rElec rN+
                  | Will+}
  9289 | D:9      | Noticed a two-headed ogre
  9300 | D:9      | Killed a two-headed ogre
  9632 | D:9      | Noticed a centaur warrior
  9632 | D:9      | Noticed a white ugly thing
  9633 | D:9      | Noticed a brown ugly thing
  9782 | D:9      | Found a runed translucent door.
  9783 | D:9      | Noticed jejorda2's ghost (journeyman MfBe)
  9852 | D:9      | Killed jejorda2's ghost
 10111 | D:10     | Entered Level 10 of the Dungeon
 10456 | D:10     | Found a runed translucent door.
 10457 | D:10     | Noticed a spriggan rider
 10457 | D:10     | Identified the +8 scimitar "Kirac" {spect, Str+4 Dex+3}
 10458 | D:10     | Identified the +8 trident of Qegilih {vorpal, rPois rN+
                  | Will+ Dex+2 Stlth-}
 10460 | D:10     | Noticed MisterPants's ghost (novice OgNe)
 10514 | D:10     | Reached ***** piety under Trog
 10639 | D:10     | Reached skill level 10 in Shields
 10639 | D:10     | Reached XP level 12. HP: 65/70 MP: 12/12
 11162 | D:11     | Found a staircase to the Orcish Mines.
 11163 | D:11     | Identified the +0 pair of boots of Insurance {rF++ Regen+
                  | Slay+5}
 11312 | D:11     | Found Afimn's Assorted Antiques.
 11321 | D:11     | Bought a glowing yellow potion for 23 gold pieces
 11321 | D:11     | Bought a scroll labelled TAOMEWNO XEPUO for 26 gold pieces
 11321 | D:11     | Bought a fizzy white potion for 23 gold pieces
 11321 | D:11     | Bought a scroll of poison for 104 gold pieces
 11329 | D:11     | You fall into a shaft and drop 1 floor!
 11352 | D:12     | Noticed a boulder beetle
 11622 | D:11     | Received a gift from Trog
 11659 | D:11     | Reached skill level 7 in Fighting
 11771 | D:12     | Identified the amulet "Toifel" {RegenMP +Blink rC- Str-5
                  | Int+9}
 11938 | D:11     | Reached skill level 8 in Fighting
 11960 | D:11     | Killed a boulder beetle
 12341 | D:13     | Noticed a centaur warrior
 12342 | D:13     | Noticed a death knight
 12348 | D:13     | Noticed a catoblepas
 12469 | Lair:1   | Entered Level 1 of the Lair of Beasts
 12481 | Lair:1   | Reached skill level 9 in Fighting
 12581 | D:8      | Reached XP level 13. HP: 80/80 MP: 13/13
 12648 | D:8      | Reached skill level 10 in Fighting
 12731 | Lair:1   | Reached skill level 1 in Evocations
 12783 | Lair:1   | Found the +8 whip "Snakebite" {venom, curare, rPois}
 12963 | Lair:1   | Identified the +6 chain mail of the Puckish Grue {-Tele
                  | Will- Regen+ Dex+8}
 13086 | Lair:1   | Identified the +8 war axe "Tutzilau" {pain, rElec Will+}
 13947 | Lair:2   | Found a hole to the Spider Nest.
 13984 | Lair:2   | Reached skill level 5 in Evocations
 14758 | Lair:2   | Gained mutation: Your large and strong wings let you fly.
                  | [Gargoyle growth]
 14758 | Lair:2   | Reached XP level 14. HP: 39/88 MP: 14/14
 14760 | Lair:2   | Reached skill level 15 in Shields
 15118 | Lair:3   | Found a staircase to the Swamp.
 15492 | Lair:4   | Found a runed translucent gate.
 15492 | Lair:4   | Found a runed translucent gate.
 15492 | Lair:4   | Found a runed translucent gate.
 15548 | Lair:4   | Noticed Ablaaz's ghost (journeyman MfGl)
 15563 | Lair:4   | Noticed Josephine
 15637 | Lair:4   | Killed Josephine
 16395 | Lair:4   | Killed Ablaaz's ghost
 16449 | Lair:4   | Got the ring of Mistrust {Fire rCorr}
 16612 | Lair:5   | Entered Level 5 of the Lair of Beasts
 16804 | Lair:5   | Received a gift from Trog
 17079 | Lair:5   | Found a transporter.
 17085 | Lair:5   | Noticed alksdfjalsdfasdf's ghost (journeyman DgNe)
 17093 | Lair:5   | Found a transporter.
 17098 | Lair:5   | Found a bloodstained altar of Trog.
 17147 | Lair:5   | Reached skill level 10 in Armour
 17156 | Lair:5   | Killed alksdfjalsdfasdf's ghost
 17321 | Lair:5   | Reached XP level 15. HP: 92/92 MP: 15/15
 17334 | Lair:5   | Found a viscous altar of Jiyva.
 17335 | Lair:5   | Found a staircase to the Slime Pits.
 17989 | Orc:1    | Entered Level 1 of the Orcish Mines
 18107 | Orc:2    | Entered Level 2 of the Orcish Mines
 18131 | Orc:1    | Reached skill level 10 in Evocations
 18209 | Orc:2    | HP: 1/92 [orc priest/+2 hand axe of electrocution (4)]
 18361 | Orc:1    | Received a gift from Trog
 18975 | Orc:2    | Found Iwomm's Weapon Boutique.
 19174 | Orc:2    | Found Mapasm's General Store.
 19174 | Orc:2    | Found Qefila's Jewellery Shoppe.
 19179 | Orc:2    | Bought a scroll of poison for 52 gold pieces
 19210 | Orc:2    | Found a staircase to the Elven Halls.
 19272 | Orc:2    | Found a runed translucent door.
 19274 | Orc:2    | Noticed Foxy's ghost (journeyman MyBe)
 19373 | Orc:2    | Found Ytsess's Assorted Antiques.
 19373 | Orc:2    | Found Cauklid's Distillery.
 19379 | Orc:2    | Bought a scroll of identify for 54 gold pieces
 19379 | Orc:2    | Bought an embroidered cloak for 202 gold pieces
 19379 | Orc:2    | Bought a scroll of identify for 54 gold pieces
 19379 | Orc:2    | Bought a scroll of identify for 54 gold pieces
 19379 | Orc:2    | Bought a scroll of fear for 108 gold pieces
 19399 | Orc:2    | Bought a potion of might for 52 gold pieces
 19399 | Orc:2    | Bought a potion of degeneration for 13 gold pieces
 19399 | Orc:2    | Bought 2 potions of heal wounds for 130 gold pieces
 19399 | Orc:2    | Bought a potion of heal wounds for 65 gold pieces
 19399 | Orc:2    | Bought a potion of lignification for 39 gold pieces
 19399 | Orc:2    | Bought a potion of curing for 39 gold pieces
 19399 | Orc:2    | Bought a potion of curing for 39 gold pieces
 19399 | Orc:2    | Bought a potion of curing for 39 gold pieces
 19399 | Orc:2    | Bought a potion of curing for 39 gold pieces
 19510 | Orc:2    | Killed Foxy's ghost
 19578 | Orc:1    | Noticed Fannar
 19640 | Orc:2    | Killed Fannar
 19641 | Orc:2    | Reached skill level 11 in Fighting
 19803 | Orc:1    | Found Demnoall's Mayhem Merchandise.
 19807 | Orc:1    | Noticed Snorg
 19824 | Orc:1    | Killed Snorg
 19837 | Orc:1    | Received a gift from Trog
 19878 | Orc:1    | Found Suri's Distillery.
 19884 | Orc:1    | Bought a potion of heal wounds for 70 gold pieces
 19884 | Orc:1    | Bought a potion of haste for 140 gold pieces
 19884 | Orc:1    | Bought a potion of might for 56 gold pieces
 20398 | D:13     | Found a portal to a secret trove of treasure.
 20847 | D:14     | Reached skill level 12 in Fighting
 20857 | D:14     | Found a gate to the Vaults.
 20889 | D:14     | Found a transporter.
 20998 | D:14     | Noticed a profane servitor
 21010 | D:14     | Noticed a cacodemon
 21014 | D:14     | Found a transporter.
 21015 | D:14     | Noticed a tentacled starspawn
 21034 | D:14     | Found a one-way gate to the infinite horrors of the Abyss.
 21035 | D:14     | Noticed Bl4cKSa5uke's ghost (journeyman OpFi)
 21480 | D:15     | Entered Level 15 of the Dungeon
 21980 | D:15     | Gained mutation: Your muscles are strong. (Str +4, Int/Dex
                  | -1) [potion of mutation]
 21980 | D:15     | Gained mutation: Your body sometimes deteriorates upon
                  | taking damage. [potion of mutation]
 21980 | D:15     | Gained mutation: You are partially covered in iridescent
                  | scales. (AC +2) [potion of mutation]
 21995 | D:15     | Found an iron altar of Okawaru.
 22159 | D:15     | Found a staircase to the Depths.
 22602 | Spider:1 | Entered Level 1 of the Spider Nest
 22613 | Spider:1 | Reached XP level 16. HP: 102/102 MP: 16/16
 22706 | Spider:1 | Reached skill level 15 in Maces & Flails
 23065 | Spider:1 | Reached skill level 13 in Fighting
 23167 | Spider:1 | Received a gift from Trog
 24886 | Spider:2 | Reached skill level 10 in Dodging
 25223 | Spider:3 | Received a gift from Trog
 25259 | Spider:3 | Reached skill level 14 in Fighting
 25336 | Spider:3 | Noticed Arachne
 25371 | Spider:3 | Identified the +4 tower shield of the Conjuring Gods {Fly
                  | rF+ Will-}
 25371 | Spider:3 | Noticed Louise
 25376 | Spider:3 | Killed Arachne
 25377 | Spider:3 | Reached XP level 17. HP: 112/112 MP: 17/17
 25437 | Spider:3 | Killed Louise
 25523 | Spider:3 | Found a frozen archway.
 25537 | IceCv    | Entered an ice cave
 25563 | IceCv    | Upgraded the game from 0.29-a0-885-gb26ba3297d to
                  | 0.29-a0-887-gcbe080d7e0
 25580 | IceCv    | Reached skill level 15 in Fighting
 25581 | IceCv    | Received a gift from Trog
 26914 | Spider:4 | Entered Level 4 of the Spider Nest
 27220 | Spider:4 | Reached skill level 16 in Fighting
 27782 | Spider:4 | Reached ****** piety under Trog
 27942 | Spider:4 | Got a gossamer rune of Zot
 28080 | Spider:4 | Reached XP level 18. HP: 94/122 MP: 0/18
 28088 | Spider:4 | Identified the +2 robe of Peimupe {Harm rC+ Int+3}
 28363 | Swamp:1  | Entered Level 1 of the Swamp
 28628 | Swamp:1  | Received a gift from Trog
 28873 | Swamp:2  | Reached skill level 17 in Fighting
 29609 | Swamp:2  | Received a gift from Trog
 30663 | Swamp:4  | Entered Level 4 of the Swamp
 30671 | Swamp:4  | Reached skill level 15 in Armour
 30957 | D:2      | Bought a shimmering sling for 208 gold pieces
 30957 | D:2      | Identified the +7 sling of Amorous Responsibility {venom,
                  | rF- rC+++ Will+++ Int-3} (You bought it in a shop on level
                  | 2 of the Dungeon)
 31183 | Swamp:4  | Reached skill level 1 in Ranged Weapons
 31296 | Swamp:4  | Reached skill level 18 in Fighting
 31325 | Swamp:4  | Received a gift from Trog
 31349 | Swamp:4  | Reached XP level 19. HP: 130/130 MP: 19/19
 31413 | Swamp:4  | Reached XP level 20. HP: 136/136 MP: 20/20
 31414 | Swamp:4  | Reached XP level 21. HP: 141/141 MP: 21/21
 31689 | Swamp:4  | Noticed the 27-headed Lernaean hydra
 31705 | Swamp:4  | Killed the 27-headed Lernaean hydra
 31815 | Swamp:4  | Got a decaying rune of Zot
 32182 | Elf:1    | Entered Level 1 of the Elven Halls
 32238 | Elf:1    | Paralysed by an air elemental for 1 turns
 32283 | Elf:1    | Noticed Jorgrun
 32293 | Elf:1    | Killed Jorgrun
 32360 | Elf:1    | Paralysed by an air elemental for 1 turns
 32382 | Elf:1    | Received a gift from Trog
 32628 | Elf:1    | Found Itiucig's Weapon Shoppe.
 32658 | Elf:1    | Bought 2 curare-tipped darts for 14 gold pieces
 32672 | Elf:1    | Paralysed by an air elemental for 1 turns
 32886 | Elf:1    | Received a gift from Trog
 33034 | Elf:2    | Found Wuxaelo's Magic Scroll Shop.
 33043 | Elf:2    | Bought a scroll of enchant armour for 157 gold pieces
 33043 | Elf:2    | Bought a scroll of identify for 42 gold pieces
 33043 | Elf:2    | Bought a scroll of teleportation for 63 gold pieces
 33087 | Elf:2    | Found an ancient bone altar of Kikubaaqudgha.
 33258 | Elf:2    | Paralysed by an air elemental for 1 turns
 33263 | Elf:2    | Reached skill level 19 in Fighting
 33264 | Elf:2    | Paralysed by an air elemental for 1 turns
 33290 | Elf:2    | Found a runed translucent gate.
 33291 | Elf:2    | Found a runed translucent gate.
 33291 | Elf:2    | Found a runed translucent gate.
 34404 | Vaults:1 | Entered Level 1 of the Vaults
 34600 | Vaults:1 | Reached XP level 22. HP: 150/150 MP: 22/22
 34863 | Vaults:1 | Received a gift from Trog
 35191 | Vaults:1 | Reached skill level 20 in Fighting
 35658 | Vaults:1 | Identified the +8 dire flail of Focus {vorpal, rF- rC+
                  | Int+9 SInv}
 35914 | Vaults:2 | Received a gift from Trog
 36407 | Vaults:2 | Received a gift from Trog
 36584 | Vaults:2 | Found a gateway to a bazaar.
 36608 | Bazaar   | Entered a bazaar
 36608 | Bazaar   | Found Xuypnu's Antique Weapon Shoppe.
 36613 | Bazaar   | Found Ilihuy's Armour Shop.
 36616 | Bazaar   | Found Anteezeg's Magic Scroll Boutique.
 36619 | Bazaar   | Found Gohyus's General Store.
 36636 | Bazaar   | Bought a scroll of brand weapon for 104 gold pieces
 36636 | Bazaar   | Bought a scroll of teleportation for 33 gold pieces
 36636 | Bazaar   | Bought a scroll of teleportation for 33 gold pieces
 36636 | Bazaar   | Bought a scroll of poison for 44 gold pieces
 36651 | Bazaar   | Bought the +9 crystal plate armour of the Shrinking Gods
                  | {rElec} for 1131 gold pieces
 36751 | Vaults:2 | Found a staircase to the Crypt.
 37655 | Vaults:3 | Reached XP level 23. HP: 137/156 MP: 23/23
 37673 | Abyss:3  | Found a corrupted altar of Lugonu.
 37673 | Abyss:3  | Cast into level 3 of the Abyss (a wizard)
 37686 | Abyss:3  | Found a shimmering blue altar of Sif Muna.
 37769 | Abyss:4  | Gained mutation: Your body often deteriorates upon taking
                  | damage. [a neqoxec]
 37770 | Abyss:4  | Received a gift from Trog
 37817 | Vaults:3 | Escaped the Abyss
 37961 | Vaults:3 | Received a gift from Trog
 38086 | Vaults:3 | Found Kuclin's Magic Scroll Shop.
 38092 | Vaults:3 | Bought a scroll of blinking for 112 gold pieces
 38092 | Vaults:3 | Bought a scroll of teleportation for 45 gold pieces
 38092 | Vaults:3 | Bought a scroll of teleportation for 45 gold pieces
 38740 | Vaults:3 | Found Agir's Weapon Boutique.
 38898 | Vaults:4 | Noticed Margery
 38908 | Abyss:4  | Cast into level 4 of the Abyss (hell knight)
 38934 | Abyss:4  | Found a radiant altar of Vehumet.
 39169 | Abyss:4  | Found a corrupted altar of Lugonu.
 39223 | Vaults:4 | Escaped the Abyss
 39241 | Vaults:4 | Killed Margery
 39303 | Vaults:4 | Noticed Aizul
 39316 | Vaults:4 | Killed Aizul
 39419 | Vaults:4 | Noticed Zenata
 39434 | Vaults:4 | Killed Zenata
 39579 | Vaults:4 | Received a gift from Trog
 39882 | Vaults:4 | Found Woixtuk's Jewellery Boutique.
 40474 | Depths:1 | Entered Level 1 of the Depths
 40686 | Depths:1 | Lost mutation: Your muscles are strong. (Str +4, Int/Dex
                  | -1) [potion of mutation]
 40686 | Depths:1 | Lost mutation: You are partially covered in iridescent
                  | scales. (AC +2) [potion of mutation]
 40687 | Depths:1 | Lost mutation: Your body often deteriorates upon taking
                  | damage. [potion of mutation]
 40687 | Depths:1 | Lost mutation: Your body sometimes deteriorates upon taking
                  | damage. [potion of mutation]
 40687 | Depths:1 | Gained mutation: You are partially covered in iridescent
                  | scales. (AC +2) [potion of mutation]
 40688 | Depths:1 | Lost mutation: You are partially covered in iridescent
                  | scales. (AC +2) [potion of mutation]
 40688 | Depths:1 | Gained mutation: You occasionally lose the ability to read
                  | scrolls when taking damage. [potion of mutation]
 40688 | Depths:1 | Gained mutation: You sometimes lose the ability to read
                  | scrolls when taking damage. [potion of mutation]
 40688 | Depths:1 | Gained mutation: You occasionally shout uncontrollably at
                  | your foes. [potion of mutation]
 40688 | Depths:1 | Gained mutation: You expend magic power (3 MP) to
                  | strengthen your wands. [potion of mutation]
 40689 | Depths:1 | Lost mutation: You occasionally shout uncontrollably at
                  | your foes. [potion of mutation]
 40689 | Depths:1 | Lost mutation: You expend magic power (3 MP) to strengthen
                  | your wands. [potion of mutation]
 40689 | Depths:1 | Lost mutation: You sometimes lose the ability to read
                  | scrolls when taking damage. [potion of mutation]
 40689 | Depths:1 | Gained mutation: You are robust. (+10% HP) [potion of
                  | mutation]
 40689 | Depths:1 | Gained mutation: You are agile. (Dex +4, Str/Int -1)
                  | [potion of mutation]
 40689 | Depths:1 | Gained mutation: You have a pair of small antennae on your
                  | head. [potion of mutation]
 40690 | Depths:1 | Lost mutation: You occasionally lose the ability to read
                  | scrolls when taking damage. [potion of mutation]
 40690 | Depths:1 | Lost mutation: You are robust. (+10% HP) [potion of
                  | mutation]
 40690 | Depths:1 | Gained mutation: You have very sharp teeth. [potion of
                  | mutation]
 40690 | Depths:1 | Gained mutation: You expend magic power (3 MP) to
                  | strengthen your wands. [potion of mutation]
 40690 | Depths:1 | Gained mutation: You are very agile. (Dex +8, Str/Int -2)
                  | [potion of mutation]
 40841 | Depths:1 | Found a gateway to Hell.
 40951 | Depths:1 | Reached XP level 24. HP: 146/163 MP: 23/23
 41014 | Depths:1 | Received a gift from Trog
 41456 | Depths:2 | Found a one-way gateway to a ziggurat.
 41576 | Depths:2 | Found a one-way gate leading to the halls of Pandemonium.
 42336 | Depths:2 | Reached skill level 15 in Dodging
 42438 | Depths:3 | Received a gift from Trog
 43163 | Depths:3 | Noticed a juggernaut
 43317 | Depths:3 | Noticed Boris
 43330 | Depths:3 | Killed Boris
 43636 | Depths:3 | Paralysed by a vampire knight for 3 turns
 43645 | Depths:3 | Paralysed by something for 5 turns
 43880 | Depths:3 | Received a gift from Trog
 43964 | Depths:3 | Identified a scroll of acquirement
 43965 | Depths:3 | Reached skill level 21 in Fighting
 43994 | Depths:3 | Killed a juggernaut
 43995 | Depths:3 | Reached XP level 25. HP: 114/171 MP: 23/23
 44051 | Depths:3 | Acquired the ring of Lekaluo {rCorr Str+3 SInv}
 44058 | Depths:4 | Entered Level 4 of the Depths
 44425 | Depths:4 | Found a gate to the Realm of Zot.
 46083 | Vaults:5 | Entered Level 5 of the Vaults
 46108 | Vaults:5 | Reached skill level 22 in Fighting
 46176 | Vaults:5 | Identified the +8 shortbow "Kofaop" {freeze, rC- rN++
                  | Int+5}
 46195 | Vaults:5 | Identified the +7 lajatang of Utwir {holy, Int+3}
 46383 | Vaults:5 | Received a gift from Trog
 46468 | Vaults:5 | Paralysed by a sphinx for 2 turns
 46476 | Vaults:5 | Paralysed by a sphinx for 5 turns
 46766 | Vaults:5 | Found Amifaz's Magic Scroll Emporium.
 46779 | Vaults:5 | Bought a scroll of fear for 68 gold pieces
 46779 | Vaults:5 | Bought a scroll of acquirement for 884 gold pieces
 46779 | Vaults:5 | Bought 2 scrolls of teleportation for 102 gold pieces
 46781 | Vaults:5 | Acquired the ring of the Briny Deep {rPois Int+2 Slay+4}
 46911 | Vaults:5 | Paralysed by a sphinx for 4 turns
 47083 | Vaults:5 | Paralysed by a sphinx for 5 turns
 47113 | Vaults:5 | Reached skill level 23 in Fighting
 47114 | Vaults:5 | Identified the +6 broad axe of Dominance {flame, rElec}
 47135 | Vaults:5 | Received a gift from Trog
 47303 | Vaults:5 | Reached XP level 26. HP: 182/182 MP: 23/23
 47507 | Vaults:5 | Got a silver rune of Zot
 47822 | Zot:1    | Entered Level 1 of the Realm of Zot
 48016 | Zot:1    | Noticed Vv
 48037 | Zot:1    | Killed Vv
 48486 | Zot:1    | Found a transporter.
 48490 | Zot:1    | Noticed Gofuck's ghost (veteran DgAE)
 48490 | Zot:1    | Noticed Nempuhu's ghost (veteran MiDe)
 48500 | Zot:1    | Noticed a dread lich
 48693 | Zot:1    | Found a transporter.
 48992 | Zot:2    | Reached skill level 24 in Fighting
 49320 | Zot:2    | Identified the +2 whip "Ruutt" {elec, rC+}
 49660 | Zot:2    | You are sucked into a shaft and drop 2 floors!
 50727 | Zot:3    | Identified the +7 lajatang "Geddis" {freeze, Fly Will+++
                  | Str-5 Dex+2}
 51248 | Zot:4    | Reached skill level 25 in Fighting
 51266 | Zot:4    | Reached XP level 27. HP: 193/193 MP: 23/23
 52113 | Zot:5    | Entered Level 5 of the Realm of Zot
 52275 | Zot:5    | Received a gift from Trog
 52453 | Zot:5    | Identified the +8 spear "Fomumpa" {freeze, rElec rN+ Will+
                  | MP-9}
 52793 | Zot:5    | Noticed an ancient lich
 52815 | Zot:5    | Killed an ancient lich
 52850 | Zot:5    | Noticed an orb of fire
 52852 | Zot:5    | Noticed an orb of fire
 52854 | Zot:5    | Gained mutation: You are partially covered in iridescent
                  | scales. (AC +2) [an orb of fire]
 52864 | Zot:5    | Killed an orb of fire
 52865 | Zot:5    | Reached skill level 26 in Fighting
 52867 | Zot:5    | Noticed an orb of fire
 52869 | Zot:5    | Noticed an orb of fire
 52871 | Zot:5    | Noticed an orb of fire
 52872 | Zot:5    | Gained mutation: You are weak. (Str -2) [an orb of fire]
 52876 | Zot:5    | Gained mutation: Your flesh is cold resistant. (rC+) [an
                  | orb of fire]
 52878 | Zot:5    | Killed an orb of fire
 52885 | Zot:5    | Killed an orb of fire
 52892 | Zot:5    | Killed an orb of fire
 52895 | Zot:5    | Gained mutation: You occasionally shout uncontrollably at
                  | your foes. [an orb of fire]
 52899 | Zot:5    | Killed an orb of fire
 53022 | Zot:5    | Noticed an orb of fire
 53023 | Zot:5    | Noticed an orb of fire
 53028 | Zot:5    | Noticed an orb of fire
 53029 | Zot:5    | Noticed an orb of fire
 53030 | Zot:5    | Gained mutation: You occasionally lose the ability to read
                  | scrolls when taking damage. [an orb of fire]
 53032 | Zot:5    | Gained mutation: Your body sometimes deteriorates upon
                  | taking damage. [an orb of fire]
 53033 | Zot:5    | Noticed an ancient lich
 53034 | Zot:5    | Got the Orb of Zot
 53037 | Zot:5    | Gained mutation: Your spells are a little easier to cast,
                  | but a little less powerful. [an orb of fire]
 53080 | Zot:5    | Gained mutation: You sometimes lose the ability to read
                  | scrolls when taking damage. [an orb of fire]
 53114 | Zot:5    | Gained mutation: You are dopey. (Int -2) [an orb of fire]
 53116 | Zot:5    | Gained mutation: You do not regenerate when monsters are
                  | visible. [an orb of fire]
 53122 | Zot:5    | Gained mutation: You occasionally lose the ability to drink
                  | potions when taking damage. [an orb of fire]
 53226 | Zot:1    | Noticed a seraph
 53450 | D:15     | Gained mutation: You sometimes lose your temper in combat.
                  | [a cacodemon]
 53780 | D:$      | Escaped with the Orb!

Illustrated notes

Levels and vault maps discovered:
D:1:      roderic_crop_circles_arrival_small, layout_basic
D:2:      layout_loops_cross, serial_shops, nicolae_shop_bloodbath_and_beyond,
          nicolae_shop_hallway_stairs, nicolae_shop_statue_plus,
          nicolae_shop_trees, minmay_fractal_squares_gapless_5, uniq_terence
D:3:      layout_loops_ring, mainiacjoe_overflow_alcove_2,
          basic_ecumenical_altar, cheibrodos_sewer_entry_sluice,
          grunt_ministairs_2
D:4:      layout_loops_cross, lemuel_tele_altar, uniq_natasha, uniq_edmund
D:5:      layout_basic, gammafunk_temple_overflow_wave, dk_vineyard_3,
          nicolae_kite_square_tiling_tiny, dreamdust_mushroom_princess,
          chequers_avenue, uniq_menkaure, uniq_sigmund
D:6:      layout_rooms, mainiacjoe_overflow_chevrons,
          pdpol_wu_jian_five_deadly_venoms, minmay_temple_entry_slanted,
          serial_bayou_crossing, uniq_crazy_yiuf_cottage
D:7:      minmay_slanted_spiral_squares, layout_basic,
          chequers_serial_rivers_large_b, uniq_duvessa
D:8:      layout_basic, david_lair_generic
D:9:      kennysheep_steamy, layout_small_grid, ebering_ghost_inner_flame,
          onia_ninara_dug_in_and_dangerous
D:10:     layout_basic, ebering_ghost_funeral_grove
D:11:     layout_rooms, david_orc_1_choice, serial_shops, shop
D:12:     layout_basic
D:13:     layout_long_grid, gauntlet_entry_generic, trove_entry_hex_spiral
D:14:     layout_long_grid, ximxim_vaults_locker_room,
          gammafunk_ghost_abyssal_escape, hangedman_decor_riveting
D:15:     grunt_enter_depths_magical_seal, layout_basic,
          okawaru_ov_weapons_minmay, minivault_19, drop_trap,
          minmay_statue_bubble
Temple:   regret_index_temple_sphere_string
Lair:1:   minmay_guarded_unrand_snakebite, layout_cave_shapes, st_stairs_8,
          grunt_megastairs_5
Lair:2:   layout_chaotic_city, nicolae_spider_entry_tight_spaces,
          kennysheep_abandoned_house
Lair:3:   layout_chaotic_city, palyth_hydra_swamp_entry,
          nicolae_quartered_pool_super, grunt_megastairs_3
Lair:4:   layout_misc_corridors, gammafunk_ghost_icy,
          kennysheep_basilisk_garden, uniq_josephine
Lair:5:   minmay_lair_end_enchanted_forest, layout_loops_ring, slime_entry_1,
          gammafunk_ghost_wrathful_warriors, lemuel_fruit_fields
Swamp:1:  layout_basic_swamp, hangedman_swamp_ruin_hall, swamp_pool1
Swamp:2:  nzn_winding_woodlands_medium [nzn_winding_woodlands_5x5_checkerboard,
          nzn_winding_woodlands_5x15_eye, nzn_winding_woodlands_hourglass,
          nzn_winding_woodlands_5x5_perimeter,
          nzn_winding_woodlands_center_pierced_h,
          nzn_winding_woodlands_5x5_three, nzn_winding_woodlands_5x5_open_star,
          nzn_winding_woodlands_5x15_sidewinder,
          nzn_winding_woodlands_5x5_default], layout_basic_swamp,
          serial_swamp_ruin, evilmike_swamp_ruin_house_1,
          evilmike_swamp_ruin_house_2, evilmike_swamp_ruin_rubble_2,
          swamp_pool3, nicolae_swamp_necromancy_gone_wrong
Swamp:3:  layout_basic_swamp, hangedman_swamp_diagram
Swamp:4:  swamp_old_school, layout_basic_swamp
Spider:1: layout_chambers
Spider:2: layout_spider_delve
Spider:3: layout_spider_delve, portal_ice_cave_entry_pillars_1, uniq_louise,
          uniq_arachne
Spider:4: spider_rune_water, hellmonk_motheaten_closet
Orc:1:    layout_caves, serial_shops, nicolae_shop_hallway_plus,
          minmay_shop_mayhem, uniq_snorg, uniq_fannar
Orc:2:    st_orc_town, layout_caves, serial_shops, shop, gammafunk_ghost_grave
Elf:1:    nicolae_elf_arrival_fired_up, layout_geoelf_grid, serial_shops, shop,
          minivault_28, lemuel_upstairs_altar, uniq_jorgrun
Elf:2:    nicolae_elf_blades_crystal_corner, layout_loops_corners, basic_altar,
          serial_shops, shop
Vaults:1: v_rooms_4, v_misc_11, nicolae_vaults_mini_display_case, v_misc_33,
          nicolae_vaults_little_squares_3, v_rooms_3,
          vaults_standard_mumra_lines, v_misc_14, ontoclasm_vaults_tryst,
          grunt_vaults_diagonal, vaults_dpeg_hooks,
          nicolae_vaults_little_squares_3, layout_vaults_omnicross, serial_shops
Vaults:2: minmay_crypt_entry_nasty_monster, nicolae_vaults_circle_grid_b,
          ontoclasm_vaults_hangar, v_misc_2, nicolae_vaults_shelves_hall,
          vaults_room_door_hall, hangedman_vaults_stream, vaults_mumra_hex,
          nicolae_vaults_alarming, hangedman_vaults_trim,
          hangedman_vaults_corner_blocks, layout_vaults_ring, serial_shops,
          bzr_entry_road
Vaults:3: v_alt_pattern_2, vaults_standard_mumra_enter_the_diamond, v_misc_1,
          grunt_vaults_swirl, hangedman_vaults_stretched_pinwheel,
          dpeg_vaults_monster_box, ontoclasm_vaults_eye, v_misc_22,
          nicolae_vaults_specimen_jars, layout_vaults_omnigrid, serial_shops,
          nicolae_diamond_shop
Vaults:4: vaults_dpeg_ring, vaults_room_fours, nicolae_vaults_asterisk,
          layout_vaults_chaotic_city, serial_shops, shop_fountains, uniq_zenata,
          uniq_margery, uniq_aizul
Vaults:5
Depths:1: layout_honeycomb, hex_tiny, hellmouth_1, kennysheep_generic_room_14
Depths:2: kennysheep_bubbly, layout_gridlike, enter_ziggurat_f,
          serial_sigils_hangedman_stare, grunt_pan_entry_zigzag, hell_entry,
          abyss_entry_small_statue_room, minmay_staircase_windowed_large
Depths:3: grunt_runaround [grunt_runaround_doors_1, grunt_runaround_doors_2,
          grunt_runaround_doors_3, grunt_runaround_doors_4,
          grunt_runaround_loot], abyss_entry, hell_entry, uniq_boris
Depths:4: grunt_twist_and_shout, layout_long_grid, grunt_hell_entry_dis_grunt
Zot:1:    layout_onion, nzn_ghost_randoct, lemuel_baited_zot_trap,
          grunt_ministairs_6, uniq_vv
Zot:2:    layout_basic
Zot:3:    layout_cathedral_of_symmetry, grunt_megastairs_1
Zot:4:    layout_gridlike, zot_minivault_2
Zot:5:    layout_cathedral_of_symmetry, st_stairs_10, grunt_ministairs_7,
          lemuel_flame_loot_1

Skill      XL: |  1  2  3  4  5  6  7  8  9 10 11 12 13 14 15 16 17 18 19 20 21 22 23 24 25 26 27 |
---------------+----------------------------------------------------------------------------------+-----
Fighting       | 4 5 6 9 10 12 14 16 18 19 20 21 23 25 26 | 26.5
Maces & Flails | 4 5 6 8 10 11 13 14 16 | 16.0
Armour         | 3 4 6 10 13 15 16 18 20 | 20.0
Dodging        | 3 5 6 8 10 12 14 16 18 19 20 | 20.0
Shields        | 6 10 12 14 15 16 18 20 21 | 21.6
Evocations     | 6 9 10 | 10.0
Ranged Weapons | 3 8 11 14 | 14.1

Action                   |  1- 3 |  4- 6 |  7- 9 | 10-12 | 13-15 | 16-18 | 19-21 | 22-24 | 25-27 || total
-------------------------+-------+-------+-------+-------+-------+-------+-------+-------+-------++-------
Melee: Mace              |    51 |       |       |       |       |       |       |       |       ||    51
       Flail             |    38 |   171 |   262 |   808 |   767 |       |       |       |       ||  2046
       Punch             |       |     3 |     2 |       |       |       |       |       |       ||     5
       Morningstar       |       |       |       |       |   688 |  1238 |   495 |  1898 |  1475 ||  5794
       Eveningstar       |       |       |       |       |       |    92 |       |       |       ||    92
       Scimitar          |       |       |       |       |       |    20 |       |       |       ||    20
       Bite              |       |       |       |       |       |       |       |   137 |   341 ||   478
 Fire: Sling             |       |       |       |       |       |    31 |   138 |   292 |   332 ||   793
Throw: Dart              |       |       |       |     3 |       |     6 |       |       |       ||     9
       Javelin           |       |       |       |       |       |     2 |       |       |       ||     2
Invok: Berserk           |     1 |     4 |     4 |     6 |    10 |     7 |     1 |     2 |     5 ||    40
       Trog's Hand       |       |     1 |     1 |     4 |     6 |    13 |     2 |    13 |    15 ||    55
       Brothers in Arms  |       |       |       |     1 |     1 |     2 |     1 |     9 |     9 ||    23
Evoke: Lightning rod     |       |       |       |       |       |    12 |       |    13 |     7 ||    32
       Wand              |       |       |       |       |       |     8 |       |     5 |     7 ||    20
       Condenser vane    |       |       |       |       |       |       |       |       |     3 ||     3
  Use: Scroll            |     3 |     5 |     7 |     5 |    11 |     4 |     3 |     7 |    19 ||    64
       Potion            |       |       |       |       |     3 |     8 |     2 |     5 |     7 ||    25
 Stab: Petrified         |       |       |       |       |     1 |       |       |       |       ||     1
       Paralysed         |       |       |       |       |     1 |       |       |       |       ||     1
       Confused          |       |       |       |       |       |     2 |       |       |       ||     2
       Sleeping          |       |       |       |       |       |       |       |     1 |       ||     1
       Distracted        |       |       |       |       |       |       |       |     1 |     5 ||     6
Armor: Animal skin       |     5 |       |       |       |       |       |       |       |       ||     5
       Ring mail         |    17 |     6 |   165 |    38 |       |       |       |       |       ||   226
       Chain mail        |    13 |   101 |       |   222 |   606 |  1081 |   367 |   216 |       ||  2606
       Crystal plate arm |       |       |       |       |       |       |       |   984 |  1100 ||  2084
Dodge: Dodged            |    53 |    78 |   160 |    85 |   193 |   425 |   221 |   972 |   721 ||  2908
Block: Kite shield       |       |       |    30 |  1053 |  2283 |  1096 |       |       |       ||  4462
       Tower shield      |       |       |       |       |       |   935 |   640 |  2680 |  2209 ||  6464

Table legend: (Time is in decaauts)
 A = Elapsed time spent in this place.
 B = Non-inter-level travel time spent in this place.
 C = Inter-level travel time spent in this place.
 D = Time resting spent in this place.
 E = Time spent auto-exploring this place.
 F = Levels seen in this place.
 G = Mean time per level.
                   A        B        C        D        E       F      G
               +--------+--------+--------+--------+--------+-----+--------+
         Total |  53117 |  48097 |   5020 |   3141 |  29082 |  53 | 1002.2 |
       Dungeon |  16743 |  14401 |   2342 |    573 |  10447 |  15 | 1116.2 |
        Temple |    198 |    172 |     26 |      0 |    158 |   1 |  198.0 |
          Lair |   5580 |   4922 |    658 |    474 |   2895 |   5 | 1116.0 |
         Swamp |   3283 |   3022 |    261 |     19 |   1865 |   4 |  820.8 |
   Spider Nest |   4837 |   4585 |    252 |    913 |   2178 |   4 | 1209.2 |
  Orcish Mines |   2165 |   1925 |    240 |    560 |    749 |   2 | 1082.5 |
   Elven Halls |   1990 |   1892 |     98 |     35 |   1165 |   2 |  995.0 |
        Vaults |   6841 |   6383 |    458 |    107 |   4040 |   5 | 1368.2 |
        Depths |   4752 |   4239 |    513 |    117 |   2454 |   4 | 1188.0 |
           Zot |   5265 |   5097 |    168 |    196 |   2699 |   5 | 1053.0 |
         Abyss |    428 |    428 |      0 |      5 |     11 |   3 |  142.7 |
        Bazaar |     57 |     57 |      0 |      0 |     30 |   1 |   57.0 |
         Sewer |    185 |    185 |      0 |      0 |    109 |   1 |  185.0 |
      Ice Cave |    786 |    786 |      0 |    140 |    280 |   1 |  786.0 |
               +--------+--------+--------+--------+--------+-----+--------+

Top non-repeatable levels by time:
Depths:3: 1648 daAuts
  Lair:2: 1627 daAuts
Vaults:3: 1529 daAuts
     D:8: 1527 daAuts
Spider:1: 1468 daAuts
Vaults:2: 1458 daAuts
     D:2: 1386 daAuts
     D:5: 1343 daAuts
Vaults:1: 1327 daAuts
     D:4: 1320 daAuts
    D:15: 1315 daAuts
Vaults:5: 1296 daAuts
     D:3: 1294 daAuts
 Swamp:2: 1255 daAuts
Vaults:4: 1228 daAuts
